 Dungeon Crawl Stone Soup version 0.16-a0-148-g3b84123 (webtiles) character file.

433 BluebellGnoll the Sneak (level 6, -8/28 HPs)
             Began as a Spriggan Enchanter on Aug 15, 2014.
             Killed by divine providence
             ... invoked by an orc priest
              (9 damage)
             ... on Level 5 of the Dungeon.
             The game lasted 00:24:37 (3984 turns).

BluebellGnoll the Sneak (Spriggan Enchanter)        Turns: 3984, Time: 00:24:38

HP  -8/28        AC  4     Str  4      XL: 6   Next: 67%
MP   1/22        EV 18     Int 20      God:
Gold 253         SH  0     Dex 16      Spells:  6 memorised,  2 levels left

rFire  . . .     SeeInvis +     A - +2 dagger (venom)
rCold  . . .     Clarity  .     b - +1 robe
rNeg   + . .     rCorr    .     (shield restricted)
rPois  .         rRot     .     (helmet restricted)
rElec  .         Spirit   .     x - +0 cloak (curse)
SustAb .         Warding  +     (gloves unavailable)
rMut   .         Stasis   .     (boots unavailable)
Gourm  .                        q - amulet of warding
MR     +....                    (no ring)
                                p - +1 ring of intelligence

@: very slightly contaminated, very quick, somewhat resistant to hostile
enchantments, stealthy
A: unfitting armour, see invisible, herbivore 3, speed 3, slow metabolism 2
a: no special abilities


You were on level 5 of the Dungeon.
You were not hungry.

You visited 1 branch of the dungeon, and saw 5 of its levels.

You collected 253 gold pieces.

Inventory:

Hand weapons
 r - a +2 dagger of venom
 A - a +2 dagger of venom (weapon)
Missiles
 C - 6 tomahawks (quivered)
 F - a throwing net
Armour
 b - a +1 robe (worn)
 x - a cursed +0 cloak (worn)
Magical devices
 k - a wand of magic darts (3)
 E - a wand of cold (5) {unknown}
Comestibles
 s - 3 bread rations
Scrolls
 a - a scroll of teleportation {unknown}
 g - a scroll of noise {unknown}
 h - 3 scrolls of remove curse {unknown}
 i - 12 scrolls of identify {unknown}
 j - a scroll of enchant weapon {unknown}
 l - a scroll of fear {unknown}
 m - a scroll of enchant armour {unknown}
 n - 3 scrolls of blinking {unknown}
 u - a scroll of amnesia {unknown}
 y - a scroll of fog {unknown}
Jewellery
 p - a +1 ring of intelligence (left hand)
 q - an amulet of warding (around neck)
Potions
 d - a potion of porridge
 e - 2 potions of haste {unknown}
 f - a potion of flight {unknown}
 o - a potion of brilliance {unknown}
 t - 2 potions of confusion {unknown}
 v - 2 potions of agility
 w - a potion of berserk rage {unknown}
 z - a potion of might {unknown}
 B - 2 potions of curing {unknown}
Books
 c - a book of Maledictions

   Spells                             Type                      Level
   *Corona                            Hexes                        1
   *Sure Blade                        Hexes/Charms                 2
   *Ensorcelled Hibernation           Hexes/Ice                    2
   *Confuse                           Hexes                        3
   *Dazzling Spray                    Conjuration/Hexes            3
   *Enslavement                       Hexes                        4
 D - a book of Unlife

   Spells                             Type                      Level
   Recall                             Summoning/Translocation      3
   Animate Dead                       Necromancy                   4
   Control Undead                     Necromancy                   4
   Twisted Resurrection               Necromancy                   5
   Death Channel                      Necromancy                   6
   Simulacrum                         Ice/Necromancy               6


   Skills:
 * Level 1.2 Short Blades
 * Level 3.1 Dodging
 - Level 7.6 Stealth
 - Level 6.0 Spellcasting
 - Level 5.5 Hexes


You had 2 spell levels left.
You knew the following spells:

 Your Spells              Type           Power        Failure   Level  Hunger
a - Corona                Hex            ####...      1%          1    None
b - Ensorcelled Hibernat  Hex/Ice        ###...       6%          2    None
c - Confuse               Hex            ####....     3%          3    ##.....
d - Sure Blade            Hex/Chrm       ###.......   6%          2    None
e - Dazzling Spray        Conj/Hex       ###.....     12%         3    ##.....
f - Enslavement           Hex            ####....     12%         4    ####...


Dungeon Overview and Level Annotations

Branches:
Dungeon (5/15)
 Temple: D:4-7

Altars:
Xom

Shops:
D:4 :


Innate Abilities, Weirdness & Mutations

You are tiny and cannot use many weapons and most armour.
You have supernaturally acute eyesight.
You are a herbivore.
You cover ground extremely quickly.
You need consume almost no food.


Message History

Aiming: Confuse
Press: ? - help, Shift-Dir - straight line, f/p - orc priest
Aim: an orc priest wearing a ring mail (moderately wounded)
The orc priest resists with significant effort.
The orc priest hits you. The rat barely misses you.
You hit the orc priest.
The orc priest is poisoned.
The orc priest is heavily wounded.
The orc priest invokes the aid of Beogh against you.
Something smites you!
* * * LOW HITPOINT WARNING * * *
The rat barely misses you.
You hit the orc priest but do no damage.
The orc priest is severely wounded.
The orc priest completely misses you. The rat bites you.
* * * LOW HITPOINT WARNING * * *
You hit the orc priest but do no damage.
The orc priest is severely wounded.
The orc priest invokes the aid of Beogh against you.
Something smites you!
You die...

#.####.#....##..#.
#.#....#....#...#.
#.#.#..........(#.
#.#.........#.....
#.#...........#.#.
#######.#..##......#....
........#...#.##'#.#....
#.....##).))##.#.#.###
#...o@..).####.#.#..
#....r.#### #.#.###
#........ ..#.#
#......### ###.#
........+ ..# #####...#
# #...# #...# ####


You could see an orc priest and a rat.

Vanquished Creatures
  An ice beast (D:5)
  An orc priest (D:4)
  4 orc wizards
  A worker ant (D:4)
  A gnoll (D:1)
  6 adders
  3 worms
  A giant mite (D:3)
  An iguana skeleton (D:4)
  3 giant geckos
  14 orcs
  3 giant cockroaches
  6 goblins
  10 hobgoblins
  5 jackals
  9 kobolds
  5 quokkas
  12 bats
  4 giant newts
  2 kobold skeletons
  An orc zombie (D:5)
  9 rats
102 creatures vanquished.

Notes
Turn   | Place    | Note
--------------------------------------------------------------
     0 | D:1      | BluebellGnoll, the Spriggan Enchanter, began the quest for the Orb.
     0 | D:1      | Reached XP level 1. HP: 9/9 MP: 4/4
   104 | D:1      | Found a shimmering altar of Xom.
   234 | D:1      | Reached skill level 5 in Stealth
   309 | D:1      | Reached XP level 2. HP: 8/13 MP: 5/7
   313 | D:1      | Learned a level 2 spell: Ensorcelled Hibernation
   348 | D:1      | Reached skill level 6 in Stealth
   746 | D:2      | Reached XP level 3. HP: 16/16 MP: 1/9
   751 | D:2      | Learned a level 3 spell: Confuse
   883 | D:2      | Reached skill level 7 in Stealth
  1166 | D:2      | Reached XP level 4. HP: 21/21 MP: 6/12
  1170 | D:2      | Learned a level 2 spell: Sure Blade
  1772 | D:3      | Reached XP level 5. HP: 20/24 MP: 3/18
  1778 | D:3      | Learned a level 3 spell: Dazzling Spray
  2507 | D:4      | Found Huaceill's Book Emporium.
  2535 | D:4      | Reached skill level 5 in Spellcasting
  3288 | D:4      | Reached XP level 6. HP: 28/28 MP: 19/22
  3462 | D:5      | Entered Level 5 of the Dungeon
  3474 | D:5      | Learned a level 4 spell: Enslavement
  3904 | D:5      | Reached skill level 5 in Hexes
  3983 | D:5      | HP: 1/28 [rat (2)]
  3984 | D:5      | Killed from afar by an orc priest

Action                   |  1- 3 |  4- 6 || total
-------------------------+-------+-------++-------
Melee: Dagger            |    79 |   144 ||   223
 Cast: Corona            |     7 |    11 ||    18
       Ensorcelled Hiber |    11 |    25 ||    36
       Confuse           |       |    17 ||    17
Evoke: Wand              |       |     5 ||     5
 Stab: Sleeping          |    14 |    33 ||    47
       Confused          |       |     6 ||     6
       Distracted        |       |     2 ||     2
  Eat: Bread ration      |       |     1 ||     1
